 Dungeon Crawl Stone Soup version 0.28.0 (webtiles) character file.

Game seed: 4025404907499518576

84 HallandMoats the Skirmisher (level 4, -1/40 HPs)
             Began as a Ghoul Monk on Feb 7, 2022.
             Was an Elder of Trog.
             Slain by a gnoll (2 damage)
             ... on level 3 of the Dungeon.
             The game lasted 00:02:53 (2064 turns).

HallandMoats the Skirmisher (Ghoul Monk)            Turns: 2064, Time: 00:02:54

Health: -1/40      AC:  3    Str: 16    XL:     4   Next: 46%
Magic:  3/3        EV: 12    Int:  5    God:    Trog [****..]
Gold:   58         SH:  0    Dex: 11    Spells: 3/3 levels left

rFire   . . .      SeeInvis .     - Unarmed
rCold   + . .      Faith    .   (no shield)
rNeg    + + +      Spirit   .   a - +0 robe
rPois   ∞          Reflect  .   k - +0 helmet
rElec   .          Harm     .   (no cloak)
rCorr   .          Rampage  .   (no gloves)
Will    ++...                   (no boots)
Stlth   ++........              (no amulet)
HPRegen 1.00/turn               (no ring)
MPRegen 0.08/turn               (no ring)

@: strong-willed, regenerating
A: claws 1, cold resistance 1, negative energy resistance 3, inhibited
regeneration, torment resistance 2
a: Renounce Religion, Trog's Hand, Brothers in Arms


You were on level 3 of the Dungeon.
You worshipped Trog.
Trog was greatly pleased with you.
You visited 1 branch of the dungeon, and saw 3 of its levels.

You collected 58 gold pieces.

Inventory:

Armour
 a - a +0 robe (worn)
 k - a +0 helmet (worn)
Scrolls
 e - 2 scrolls of vulnerability {unknown}
 f - a scroll of fog {unknown}
 h - a scroll of magic mapping {unknown}
 j - 2 scrolls of teleportation {unknown}
 l - a scroll of enchant armour {unknown}
Potions
 b - 2 potions of haste {unknown}
 c - 3 potions of flight {unknown}
 d - a potion of curing {unknown}
 g - a potion of magic {unknown}
 i - a potion of lignification {unknown}


   Skills:
 * Level 4.1 Fighting
 * Level 1.2 Armour
 * Level 3.2 Dodging
 - Level 2.1 Stealth
 * Level 3.8 Unarmed Combat
 + Level 1.2 Invocations


You had 3 spell levels left.
You didn't know any spells.
Your spell library was empty.

Dungeon Overview and Level Annotations

Branches:
Dungeon (3/15)

Altars:
Elyvilon
Trog

Shops:
D:2 (


Innate Abilities, Weirdness & Mutations

You thrive by killing the living.
You are immune to poison.
You have sharp fingernails.
Your flesh is cold resistant. (rC+)
You are immune to negative energy. (rN+++)
You do not regenerate when monsters are visible.
You are immune to unholy pain and torment.


Message History

A gnoll comes into view. It is wielding a +2 spear of flaming.
The gnoll misses you. The gnoll hits you with a +0 spear.
You barely miss the gnoll.
The gnoll hits you from afar with a +0 spear.
The gnoll closely misses you.
You closely miss the gnoll. The gnoll barely misses you.
The gnoll hits you with a +0 spear.
You scratch the gnoll.
The gnoll is heavily wounded.
The gnoll closely misses you.
The gnoll hits you from afar with a +2 spear of flaming.
The gnoll burns you. The gnoll barely misses you.
You closely miss the gnoll.
The gnoll is heavily wounded.
The gnoll closely misses you.
The gnoll hits you from afar with a +2 spear of flaming.
The gnoll burns you.
You claw the gnoll!
You kill the gnoll!
Trog accepts your kill. The gnoll closely misses you.
The gnoll hits you with a +2 spear of flaming.
The gnoll burns you. The gnoll hits you with a +0 spear.
You are too injured to fight recklessly!
You are too injured to fight recklessly!
You are too injured to fight recklessly!
You are too injured to fight recklessly!
The gnoll hits you with a +2 spear of flaming.
* * * LOW HITPOINT WARNING * * *
The gnoll burns you.
* * * LOW HITPOINT WARNING * * *
The gnoll hits you from afar with a +0 spear.
* * * LOW HITPOINT WARNING * * *
You see here a +0 spear.
Your skin crawls.
You feel strong-willed.
The gnoll hits you with a +2 spear of flaming.
* * * LOW HITPOINT WARNING * * *
The gnoll burns you.
You die...

#.............##.....
.........#...........
#........##.....##...
#...........###...
#.....##....##....
#.....##....##....
##..######.####....
#...# ###.# #....
#.@.# ##...# #....
......gg#..##..###
##..(
.......##...#.## ##..
.....## #.....# #.#
..... ###....## #.#
###.
.........#########.#
#
.###...#..#...[.##.#
#...##.......##.#
#### ###........#


You could see 2 gnolls.

Vanquished Creatures
  A gnoll (D:3)
  An adder (D:2)
  4 orcs (D:3)
  6 ball pythons
  8 endoplasms
  2 giant cockroaches
  2 goblins (D:3)
  5 hobgoblins
  6 jackals (D:1)
  3 quokkas
  5 bats
  2 frilled lizards
  7 kobolds
  5 rats
57 creatures vanquished.

Notes
Turn   | Place    | Note
-------+----------+-------------------------------------------
     0 | D:1      | HallandMoats the Ghoul Monk began the quest for the Orb.
     0 | D:1      | Reached XP level 1. HP: 19/19 MP: 0/0
   227 | D:1      | Found a faded altar of an unknown god.
   266 | D:1      | Prayed at the altar of an unknown god.
   266 | D:1      | Became a worshipper of Trog the Wrathful
   266 | D:1      | Reached * piety under Trog
   266 | D:1      | Reached ** piety under Trog
   398 | D:1      | Reached XP level 2. HP: 26/26 MP: 1/1
   430 | D:1      | HP: 1/26 [constriction (1)]
   455 | D:1      | Reached *** piety under Trog
   734 | D:1      | Reached XP level 3. HP: 25/33 MP: 2/2
  1052 | D:2      | Reached skill level 1 in Invocations
  1301 | D:2      | Reached skill level 1 in Armour
  1419 | D:2      | Found Zeuc Ese's Antique Weapon Shoppe.
  1672 | D:3      | Reached XP level 4. HP: 5/40 MP: 3/3
  1672 | D:3      | HP: 2/40 [orc (4)]
  1703 | D:3      | Reached skill level 4 in Fighting
  1822 | D:3      | Reached **** piety under Trog
  2064 | D:3      | HP: 1/40 [gnoll (4)]
  2064 | D:3      | Slain by a gnoll

Illustrated notes

Levels and vault maps discovered:
D:1:      wander_arrival_abandoned_jail, layout_rooms,
          hellmonk_ecumenical_altar_crossroads, minmay_tall_x
D:2:      layout_loops_cross, basic_altar, serial_shops, nicolae_shop_waterfront
D:3:      layout_rooms, serial_shops, shop, corexii_item_surrounded_by_moat

Skill      XL: |  1  2  3  4 |
---------------+-------------+-----
Dodging        | 3 |  3.2
Invocations    | 1 |  1.2
Armour         | 1 |  1.2
Fighting       | 4 |  4.1
Stealth        | |  2.1
Unarmed Combat | |  3.8

Action                   |  1- 3 |  4- 6 || total
-------------------------+-------+-------++-------
Melee: Unarmed           |   139 |    45 ||   184
       Punch             |     2 |     1 ||     3
Invok: Trog's Hand       |     2 |     2 ||     4
 Stab: Sleeping          |     4 |     2 ||     6
Armor: Robe              |    21 |    10 ||    31
Dodge: Dodged            |    95 |    24 ||   119
